 Dungeon Crawl Stone Soup version 0.26-a0-542-gbaa144ba5c (webtiles) character file.

Game seed: 12141934929682165520

115 Mitsuki the Skirmisher (level 5, -2/47 HPs)
             Began as a Hill Orc Fighter on Aug 17, 2020.
             Slain by an iron imp (4 damage)
             ... summoned by Natasha
             ... on level 3 of the Dungeon.
             The game lasted 00:04:53 (1671 turns).

Mitsuki the Skirmisher (Hill Orc Fighter)           Turns: 1671, Time: 00:04:54

Health: -2/47      AC: 13    Str: 20    XL:     5   Next: 0%
Magic:  5/5        EV:  3    Int:  8    God:
Gold:   108        SH:  9    Dex: 10    Spells: 4/4 levels left

rFire    . . .     SeeInvis .   a - +0 trident
rCold    . . .     Faith    .   c - +0 kite shield
rNeg     . . .     Spirit   .   e - +0 plate armour
rPois    .         Reflect  .   (no helmet)
rElec    .         Harm     .   (no cloak)
rCorr    .                      (no gloves)
MR       .....                  b - +0 pair of boots
Stlth    ..........             (no amulet)
HPRegen  0.15/turn              k - ring of stealth
MPRegen  0.09/turn              (no ring)

@: slowed, very slow
A: no striking features
a: no special abilities


You were on level 3 of the Dungeon.
You visited 1 branch of the dungeon, and saw 3 of its levels.

You collected 108 gold pieces.

Inventory:

Hand Weapons
 a - a +0 trident (weapon)
Missiles
 n - a throwing net (quivered)
Armour
 b - a +0 pair of boots (worn)
 c - a +0 kite shield (worn)
 e - a +0 plate armour (worn)
 j - a +1 cloak
Jewellery
 k - a ring of stealth (left hand)
Scrolls
 g - a scroll of identify {unknown}
 h - a scroll of remove curse {unknown}
 l - a scroll of noise {unknown}
 p - a scroll of fog {unknown}
 q - a scroll of enchant armour {unknown}
Potions
 d - 2 potions of might
 f - a potion of brilliance {unknown}
 i - 3 potions of heal wounds
 m - a potion of lignification
 o - a potion of curing {unknown}


   Skills:
 + Level 4.5 Fighting
 + Level 3.2 Polearms
 + Level 4.2 Armour
 + Level 4.1 Shields


You had 4 spell levels left.
You didn't know any spells.
Your spell library was empty.

Dungeon Overview and Level Annotations

Branches:
Dungeon (3/15)

Altars:
Wu Jian

Annotations:
D:3 Ijyb, Natasha


Message History

The crimson imp hits you but does no damage.
Natasha claws you!
* * * LOW HITPOINT WARNING * * *
You take 12 damage, and have 9/47 hp.
MASSIVE DAMAGE!!
You barely miss Natasha.
Natasha is heavily wounded.
The crimson imp disappears in a puff of smoke!
The iron imp hits you.
* * * LOW HITPOINT WARNING * * *
You block Natasha's attack.
The frilled lizard completely misses you.
The iron imp hits you.
* * * LOW HITPOINT WARNING * * *
You take 8 damage, and have 1/47 hp.
You closely miss Natasha.
Natasha is heavily wounded.
You block Natasha's attack.
The frilled lizard bites you but does no damage.
The iron imp hits you.
You die...

.#.. ##.###.
.# ##
#.###(#.# . .!
#.......# .#
#..# ######.##
#.###. .# #...
#.... ..# #.##
##.###.#.##..#
#.#
#.?....h5....#
#.# #.@..# #.#
##.#l.# # #.#
#....†##.####
#.#
#.###.........
..# ..#
##.##.#### #.#
..# ##.).# #..
#.### #.
##...#
##.##..#


You could see an iron imp (summoned), Natasha and a frilled lizard.

Vanquished Creatures
  A gnoll (D:1)
  3 adders
  A white imp (D:3)
  2 worms (D:2)
  3 dart slugs
  A leopard gecko (D:2)
  4 orcs (D:3)
  2 giant cockroaches
  7 goblins
  8 hobgoblins
  A jackal (D:3)
  A quokka (D:3)
  5 bats
  2 frilled lizards (D:1)
  5 kobolds
  9 rats
55 creatures vanquished.

Notes
Turn   | Place    | Note
-------+----------+-------------------------------------------
     0 | D:1      | Mitsuki the Hill Orc Fighter began the quest for the Orb.
     0 | D:1      | Reached XP level 1. HP: 19/19 MP: 1/1
   138 | D:2      | Reached XP level 2. HP: 27/27 MP: 2/2
   316 | D:1      | Reached XP level 3. HP: 32/33 MP: 3/3
   807 | D:2      | Reached XP level 4. HP: 15/40 MP: 4/4
  1133 | D:2      | You fall into a shaft and drop 1 floor!
  1595 | D:3      | Noticed Ijyb
  1596 | D:3      | Noticed Natasha
  1596 | D:3      | Found an ornate altar of the Wu Jian Council.
  1633 | D:3      | Reached XP level 5. HP: 39/47 MP: 5/5
  1670 | D:3      | HP: 1/47 [iron imp[Natasha] (2)]
  1671 | D:3      | Slain by an iron imp

Illustrated notes

Levels and vault maps discovered:
D:1:      dpeg_arrival_tiny_j, layout_rooms, serial_forest,
          infiniplex_forest_clump_curved, infiniplex_forest_3_way,
          infiniplex_forest_lined_2, infiniplex_forest_clump_curved
D:2:      layout_rooms, grunt_ministairs_12
D:3:      layout_loops_ring, nicolae_ru_great_annihilating_truth,
          overflow_temple_1_default, uniq_ijyb, uniq_natasha

Skill      XL: |  1  2  3  4 |
---------------+-------------+-----
Fighting       | 4 |  4.5
Polearms       | 3 |  3.2
Armour         | 4 |  4.2
Shields        | 4 |  4.1

Action                   |  1- 3 |  4- 6 || total
-------------------------+-------+-------++-------
Melee: Trident           |   157 |   100 ||   257
  Use: Potion            |       |     1 ||     1
Armor: Plate armour      |    83 |    55 ||   138
Dodge: Dodged            |    19 |    11 ||    30
Block: Kite shield       |    78 |    39 ||   117

Table legend: (Time is in decaauts)
 A = Elapsed time spent in this place.
 B = Non-inter-level travel time spent in this place.
 C = Inter-level travel time spent in this place.
 D = Time resting spent in this place.
 E = Time spent auto-exploring this place.
 F = Levels seen in this place.
 G = Mean time per level.
                   A        B        C        D        E       F      G
               +--------+--------+--------+--------+--------+-----+--------+
         Total |   1741 |   1669 |     72 |     13 |   1140 |   3 |  580.3 |
       Dungeon |   1741 |   1669 |     72 |     13 |   1140 |   3 |  580.3 |
               +--------+--------+--------+--------+--------+-----+--------+

Top non-repeatable levels by time:
     D:1: 648 daAuts
     D:3: 563 daAuts
     D:2: 529 daAuts
